 Dungeon Crawl Stone Soup version 0.27-a0-1200-g94dc6ad4cf (webtiles) character file.

Game seed: 11989080487693935474

495 HoaS the Ruffian (level 6, -10/48 HPs)
             Began as a Demigod Gladiator on May 31, 2021.
             Mangled by an ogre
             ... wielding a +0 giant club
              (28 damage)
             ... on level 4 of the Dungeon.
             The game lasted 00:07:43 (3760 turns).

HoaS the Ruffian (Demigod Gladiator)                Turns: 3760, Time: 00:07:44

Health: -10/48     AC: 10    Str: 23    XL:     6   Next: 60%
Magic:  8/8        EV:  8    Int: 10    God:
Gold:   63         SH:  0    Dex: 15    Spells: 5/5 levels left

rFire    . . .     SeeInvis .     - Unarmed
rCold    . . .     Faith    .   (no shield)
rNeg     . . .     Spirit   .   f - +0 chain mail
rPois    .         Reflect  .   b - +1 helmet
rElec    .         Harm     .   (no cloak)
rCorr    .         Rampage  .   (no gloves)
Will     .....                  (no boots)
Stlth    ..........             (no amulet)
HPRegen  0.16/turn              (no ring)
MPRegen  0.11/turn              (no ring)

@: no status effects
A: high mp 1, forlorn
a: no special abilities


You were on level 4 of the Dungeon.
You visited 1 branch of the dungeon, and saw 4 of its levels.

You collected 63 gold pieces.

Inventory:

Armour
 b - a +1 helmet (worn)
 f - a +0 chain mail (worn)
Potions
 a - a potion of mutation
 c - 3 potions of curing
 e - a potion of resistance
 i - a potion of lignification {unknown}


   Skills:
 - Level 1.7 Fighting
 - Level 1.7 Throwing
 - Level 2.6 Dodging
 * Level 7.2 Unarmed Combat


You had 5 spell levels left.
You didn't know any spells.
Your spell library contained the following spells:

 Spells                   Type           Power      Damage    Failure   Level
 Magic Dart               Conj           0%         1d3       98%         1
 Searing Ray              Conj           0%         3d3       99%         2
 Dazzling Flash           Conj/Hex       0%         N/A       100%        3
 Fulminant Prism          Conj/Hex       0%         3d6       100%        4
 Iskenderun's Mystic Bla  Conj/Tloc      0%         2d3       100%        4


Dungeon Overview and Level Annotations

Branches:
Dungeon (4/15)
 Temple: D:4-7

Shops:
D:2 !   D:3 [


Innate Abilities, Weirdness & Mutations

Your attributes grow dramatically as you level up.
You have an increased reservoir of magic. (+10% MP)
You shall have no god before yourself.


Message History

You punch the orc priest!
The orc priest is heavily wounded.
The orc priest hits you with a +0 hand axe.
You punch the orc priest!
You kill the orc priest!
A giant cockroach comes into view.
Found 21 sling bullets.
You punch the giant cockroach!
You kill the giant cockroach!
You see here a +0 chain mail.
f - a +0 chain mail You start removing your armour.
You continue taking off your +0 ring mail. x4
You finish taking off your +0 ring mail.
You start putting on your armour.
You continue putting on your +0 chain mail. x5
You finish putting on your +0 chain mail.
Drop what? 7/52 slots (_ for help) (? for menu, Esc to quit)
You drop a +0 ring mail.
You open the door.
Found a shimmering blue altar of Sif Muna.
There is an open door here.
You open the door.
There is a shimmering blue altar of Sif Muna here.
There is an open door here.
You open the door.
There is a shimmering blue altar of Sif Muna here.
There is an open door here.
An ogre comes into view. It is wielding a +0 giant club.
The ogre shouts!
You punch the ogre!
The ogre is moderately wounded.
A ball python comes into view.
The ogre hits you with a +0 giant club!
The ball python hisses angrily.
You hit the ogre.
The ogre is severely wounded.
The ogre hits you with a +0 giant club!!
Ouch! That really hurt!
You die...

#. # ....##.# #.##.
##..#..#.# #####.#.. ...
...#.## ........# ###
#..(..# ........# ###
#.....#
........#######.....#
..........'_'[...†..#
........###'###.....#
......O@# #.# #.....#
........# #.###.....#
......... ..........##
.S...............).).#
...................#.##
........#.###.....##..#
...............##.##..##
........#.##... ..###..#
#......# #..#


You could see an ogre and a ball python.

Vanquished Creatures
  An ogre (D:3)
  A necrophage (D:3)
  A bullfrog (D:4)
  A hound (D:3)
  2 orc priests (D:4)
  An orc wizard (D:3)
  7 adders
  2 worms (D:2)
  2 dart slugs
  4 orcs
  8 bats
  8 endoplasms
  2 giant cockroaches
  5 goblins
  3 hobgoblins
  8 jackals (D:1)
  2 quokkas
  4 frilled lizards
  3 kobolds
  4 rats
69 creatures vanquished.

Vanquished Creatures (collateral kills)
  An adder (D:2)
1 creature vanquished.

Grand Total: 70 creatures vanquished

Notes
Turn   | Place    | Note
-------+----------+-------------------------------------------
     0 | D:1      | HoaS the Demigod Gladiator began the quest for the Orb.
     0 | D:1      | Reached XP level 1. HP: 17/17 MP: 3/3
   203 | D:1      | Reached skill level 3 in Unarmed Combat
   427 | D:1      | Reached XP level 2. HP: 18/24 MP: 4/4
  1308 | D:2      | Reached XP level 3. HP: 29/29 MP: 5/5
  1367 | D:2      | Reached skill level 4 in Unarmed Combat
  1950 | D:2      | Found Keek's Distillery.
  2191 | D:2      | Reached XP level 4. HP: 25/36 MP: 6/6
  2708 | D:3      | Reached skill level 5 in Unarmed Combat
  3185 | D:3      | Noticed an ogre
  3189 | D:3      | Found Puothrammo's Armour Emporium.
  3190 | D:3      | Noticed a necrophage
  3221 | D:3      | Killed a necrophage
  3222 | D:3      | Reached skill level 6 in Unarmed Combat
  3222 | D:3      | Reached XP level 5. HP: 29/41 MP: 7/7
  3348 | D:3      | Killed an ogre
  3349 | D:3      | Reached XP level 6. HP: 48/48 MP: 8/8
  3702 | D:4      | Reached skill level 7 in Unarmed Combat
  3760 | D:4      | Mangled by an ogre

Illustrated notes

Levels and vault maps discovered:
D:1:      minmay_arrival_glassed_features, layout_loops_corners
D:2:      layout_basic, serial_shops, nicolae_shop_competitors_out_of_business,
          minmay_tromino_v4_b
D:3:      layout_basic, lemuel_coloured_pillars_altar, serial_shops, shop,
          ebering_ecumenical_altar_hall, grunt_ministairs_1
D:4:      layout_basic, lemuel_doored_altar, gup_sewer_entry_pipe,
          minmay_shop_enchanted_jewellery, uniq_natasha

Skill      XL: |  1  2  3  4  5  6 |
---------------+-------------------+-----
Unarmed Combat | 3 4 6 7 |  7.2
Fighting       | |  1.7
Throwing       | |  1.7
Dodging        | |  2.6

Action                   |  1- 3 |  4- 6 || total
-------------------------+-------+-------++-------
Melee: Unarmed           |   165 |   129 ||   294
       Punch             |     2 |     9 ||    11
Throw: Throwing net      |     3 |     2 ||     5
  Use: Scroll            |     5 |     6 ||    11
 Stab: Held in net/web   |     1 |     2 ||     3
Armor: Ring mail         |    63 |    42 ||   105
Dodge: Dodged            |    96 |    61 ||   157

Table legend: (Time is in decaauts)
 A = Elapsed time spent in this place.
 B = Non-inter-level travel time spent in this place.
 C = Inter-level travel time spent in this place.
 D = Time resting spent in this place.
 E = Time spent auto-exploring this place.
 F = Levels seen in this place.
 G = Mean time per level.
                   A        B        C        D        E       F      G
               +--------+--------+--------+--------+--------+-----+--------+
         Total |   3735 |   3652 |     83 |   1456 |   1622 |   4 |  933.8 |
       Dungeon |   3735 |   3652 |     83 |   1456 |   1622 |   4 |  933.8 |
               +--------+--------+--------+--------+--------+-----+--------+

Top non-repeatable levels by time:
     D:2: 1793 daAuts
     D:1: 1264 daAuts
     D:3: 582 daAuts
     D:4: 95 daAuts
